 Dungeon Crawl Stone Soup version 0.15.0-14-g6bbbb5c (console) character file.

658 gw the Cutter (level 7, -5/36 HPs)
             Began as a Vine Stalker Gladiator on Sept 4, 2014.
             Was a Follower of Makhleb.
             Slain by Duvessa
             ... wielding a +0 short sword
              (7 damage)
             ... on Level 5 of the Dungeon.
             The game lasted 00:03:18 (4647 turns).

gw the Cutter (Vine Stalker Gladiator)              Turns: 4647, Time: 00:03:18

HP  -5/36        AC  6     Str 18      XL: 7   Next: 55%
MP   0/8         EV 11     Int  8      God: Makhleb [*.....]
Gold 0           SH  0     Dex 19      Spells:  0 memorised,  6 levels left

rFire  . . .     SeeInvis .     a - +0 cutlass
rCold  . . .     Clarity  .     j - +0 ring mail
rNeg   . . .     rCorr    .     (no shield)
rPois  .         rRot     +     (helmet restricted)
rElec  .         Spirit   +     h - +0 cloak
SustAb .         Warding  .     (no gloves)
rMut   .         Rnd*Tele +     (no boots)
Gourm  .                        (no amulet)
MR     .....                    (no ring)
                                o - +3 ring of dexterity

@: glowing, not resistant to hostile enchantments, very unstealthy
A: fangs 2, horns 1, low mp 1, regeneration 2, teleportitis 1, evolution 2,
magic shield, antimagic bite, no device heal 3, rot immunity
a: Renounce Religion


You were on level 5 of the Dungeon.
You worshipped Makhleb.
Makhleb was aware of your devotion.
You were not hungry.

You visited 1 branch of the dungeon, and saw 5 of its levels.

Inventory:

Hand weapons
 a - a +0 cutlass (weapon)
Missiles
 d - 3 throwing nets
 q - 49 stones (quivered)
Armour
 h - a +0 cloak (worn)
 j - a +0 ring mail (worn)
Comestibles
 c - 2 fruits
 f - 4 bread rations
 g - a meat ration
 l - 2 slices of pizza
Scrolls
 b - 2 scrolls of remove curse
 e - a scroll of identify
 m - a scroll of immolation
Jewellery
 o - a +3 ring of dexterity (left hand)


   Skills:
 + Level 3.6 Fighting
 * Level 5.3 Short Blades
 + Level 3.6 Throwing
 + Level 3.6 Dodging
 + Level 0.4 Invocations


You had 6 spell levels left.
You didn't know any spells.

Dungeon Overview and Level Annotations

Branches:
Dungeon (5/15)             Temple (0/1) D:4

Altars:
Ashenzari
Makhleb
Okawaru
Yredelemnul

Annotations:
D:3 exclusion: downstairs
D:4 exclusion: downstairs
D:5 Dowan, Duvessa


Innate Abilities, Weirdness & Mutations

You have extremely sharp teeth.
You heal very quickly.
When hurt, damage is shared between your health and your magic reserves.
Your bite disrupts and absorbs the magic of your enemies.
Potions and wands cannot restore your health.
You are immune to rotting.
You have a pair of small horns on your head.
Your magical capacity is low (-10% MP).
Space occasionally distorts in your vicinity.
You rapidly evolve.


Message History

You barely miss the orc. You bite the orc. You drain its power.
You feel invigorated.
You kill the orc!
Makhleb accepts your kill.
You feel a little better. Duvessa hits you with a short sword.
Dowan zaps a wand.
You resist with almost no effort.
ATTACK MOVE TO (-1,-1)
You barely miss the orc wizard. Your bite misses the orc wizard.
Duvessa hits you with a short sword.
The orc wizard hits you but does no damage.
The orc wizard hits you with a dagger. Duvessa barely misses you.
ATTACK MOVE TO (-1,-1)
You hit the orc wizard but do no damage.
You headbutt the orc wizard. You bite the orc wizard.
The orc wizard's magic leaks into the air.
You drain its magic.
You feel invigorated.
The orc wizard is heavily wounded.
Dowan zaps a wand.
You resist with almost no effort. Duvessa hits you with a short sword!
You die...

... #.# . ...
##+###
...)######.....#
...............##
.....o............
#...oe...........
#.$.ef(..# .!....
#........# .(.....
#.......(###..?...#
#...........#...$.#
#######.....#.....#
#........#
#........#
####.....##
##.....####


You could see Duvessa, Dowan, an orc wizard and an orc.

Table legend:
 A = Turns spent in this place as a percentage of turns spent in the entire game.
 B = Non-inter-level travel turns spent in this place as a percentage of non-inter-level travel turns spent in the entire game.
 C = Inter-level travel turns spent in this place as a percentage of turns spent in this place.
 D = Turns resting spent in this place as a percentage of non-inter-level travel turns spent in this place.
 E = Turns spent auto-exploring this place as a percentage of non-inter-level travel turns spent in this place.
 F = Non-inter-level travel turns spent in this place divided by the number of levels of this place that you've seen.
                   A       B       C       D       E      F
               +-------+-------+-------+-------+-------+----------------------
         Total | 100.0 | 100.0 |   5.7 |   2.5 |  14.8 | 300.8
       Dungeon | 100.0 | 100.0 |   5.7 |   2.5 |  14.8 | 300.8
               +-------+-------+-------+-------+-------+----------------------

Table legend:
 A = Kills in this place as a percentage of kills in entire the game.
 B = Kills by you in this place as a percentage of kills by you in the entire game.
 C = Kills by friends in this place as a percentage of kills by friends in the entire game.
 D = Other kills in this place as a percentage of other kills in the entire game.
 E = Experience gained in this place as a percentage of experience gained in the entire game.
 F = Experience gained in this place divided by the number of levels of this place that you have seen.
                   A       B       C       D       E      F
               +-------+-------+-------+-------+-------+----------------------
         Total | 100.0 | 100.0 |  -nan |  -nan | 100.0 | 188.2
       Dungeon | 100.0 | 100.0 |  -nan |  -nan | 100.0 | 188.2
               +-------+-------+-------+-------+-------+----------------------

Vanquished Creatures
  A hippogriff (D:4)
  The ghost of gw the Cutter, an average VSGl (D:4)
  Sigmund (D:5)
  A jelly (D:4)
  A hound (D:4)
  An iguana (D:5)
  A worker ant (D:4)
  5 adders
  3 gnolls (D:4)
  5 worms
  A giant mite (D:4)
  3 giant geckos
  9 orcs
  15 hobgoblins
  A quokka (D:2)
  4 ball pythons
  7 bats
  4 giant newts
  A giant newt skeleton (D:4)
  9 goblins
  2 hobgoblin skeletons (D:4)
  10 jackals
  9 kobolds
  10 rats
105 creatures vanquished.

Notes
Turn   | Place    | Note
--------------------------------------------------------------
     0 | D:1      | gw, the Vine Stalker Gladiator, began the quest for the Orb.
     0 | D:1      | Reached XP level 1. HP: 11/11 MP: 1/1
   263 | D:1      | Reached XP level 2. HP: 12/15 MP: 0/3
   595 | D:1      | Reached skill level 3 in Short Blades
  1195 | D:2      | Reached XP level 3. HP: 18/18 MP: 4/4
  1840 | D:2      | Reached XP level 4. HP: 18/23 MP: 5/5
  1912 | D:2      | Gained mutation: You evolve. [potion of mutation]
  1912 | D:2      | Gained mutation: You rapidly evolve. [potion of mutation]
  1912 | D:2      | Gained mutation: Space occasionally distorts in your vicinity. [potion of mutation]
  2418 | D:3      | Gained mutation: Your magical capacity is low (-10% MP). [evolution]
  3089 | D:4      | Reached XP level 5. HP: 24/27 MP: 6/6
  3128 | D:4      | Noticed gw's ghost (average VSGl)
  3133 | D:4      | Found a staircase to the Ecumenical Temple.
  3269 | D:4      | Noticed a hippogriff
  3343 | D:4      | Found a burning altar of Makhleb.
  3345 | D:4      | Noticed a cacodemon
  3350 | D:4      | Noticed a neqoxec
  3350 | D:4      | Noticed a hellwing
  3367 | D:4      | Killed gw's ghost
  3367 | D:4      | Reached skill level 4 in Short Blades
  3367 | D:4      | Gained mutation: You heal very quickly. [vine stalker growth]
  3367 | D:4      | Reached XP level 6. HP: 14/32 MP: 3/7
  3437 | D:4      | Killed a hippogriff
  3529 | D:5      | Entered Level 5 of the Dungeon
  3599 | D:5      | Noticed Sigmund
  3627 | D:5      | Killed Sigmund
  3627 | D:5      | Reached XP level 7. HP: 6/36 MP: 2/8
  3783 | D:4      | Gained mutation: You have a pair of small horns on your head. [evolution]
  3859 | D:4      | Reached skill level 5 in Short Blades
  3923 | D:4      | Became a worshipper of Makhleb the Destroyer
  4112 | D:4      | Found a shattered altar of Ashenzari.
  4115 | D:4      | Found a basalt altar of Yredelemnul.
  4122 | D:4      | Found an iron altar of Okawaru.
  4385 | D:4      | Acquired Makhleb's first power
  4632 | D:5      | Noticed Duvessa
  4632 | D:5      | Noticed Dowan
  4646 | D:5      | HP: 1/36 [orc wizard/dagger (3)]
  4647 | D:5      | Slain by Duvessa

Action                   |  1- 3 |  4- 6 |  7- 9 || total
-------------------------+-------+-------+-------++-------
Melee: Cutlass           |    76 |    82 |    81 ||   239
Throw: Stone             |    62 |    54 |    46 ||   162
       Tomahawk          |    42 |    39 |       ||    81
  Use: Scroll            |     6 |     9 |       ||    15
       Potion            |     4 |     2 |     3 ||     9
  Eat: Chunk             |     3 |     4 |     5 ||    12

Vault maps used:
D:1:      dpeg_arrival_shelter, st_stairs_5, serial_bayou_ford_a,
          minmay_misc_feat_nine_boxes, bh_walls_and_bars
D:2:      minivault_11, kennysheep_generic_room_6
D:3:      lemuel_old_faithful
D:4:      minitemple, minmay_temple_entry_statues_fountains, first_bread,
          makhleb_altar_promises_db
D:5:      eino_tiny_chamber, uniq_duvessa, uniq_sigmund, uniq_pikel
